 Dungeon Crawl Stone Soup version 0.29.1-1-gd02db6906a (webtiles) character file.

Game seed: 3170825052442976383

259374 mortz the Metallomancer (level 19, -2/99 HPs)
             Began as a Gargoyle Earth Elementalist on Oct 20, 2022.
             Was the Champion of Vehumet.
             Killed from afar by an ironbound frostheart (41 damage)
             ... by creeping frost
             ... led by a vault warden
             ... on level 2 of the Vaults on Oct 22, 2022.
             The game lasted 05:20:15 (59054 turns).

mortz the Metallomancer (GrEE)                     Turns: 59054, Time: 05:20:16

Health: -2/99      AC: 25    Str: 19    XL:     19   Next: 90%
Magic:  28/40      EV: 13    Int: 23    God:    Vehumet [******]
Gold:   838        SH:  8    Dex: 13    Spells: 7/53 levels left

rFire   . . .      SeeInvis .   a - staff of conjuration
rCold   . . .      Faith    .   s - +3 warlock's mirror {reflect}
rNeg    + . .      Spirit   .   w - +0 troll leather armour
rPois   ∞          Reflect  +   L - +1 hat {Will+}
rElec   +          Harm     .   e - +2 cloak
rCorr   .          Rampage  .   k - +0 pair of gloves
Will    +++..                   t - +0 pair of boots
Stlth   +++.......              J - amulet of magic regeneration
HPRegen 1.06/turn               q - ring of the Bull {Will+ Str+6 Dex+3}
MPRegen 0.67/turn               H - ring of wizardry

@: frozen, flying, very slow
A: sickness immunity, AC +14, big wings, negative energy resistance 1,
electricity resistance, torment resistance 1, petrification resistance
}: 2/15 runes: decaying, gossamer
a: Renounce Religion


You were on level 2 of the Vaults.
You worshipped Vehumet.
Vehumet was exalted by your worship.
You visited 7 branches of the dungeon, and saw 33 of its levels.

You collected 3476 gold pieces.
You spent 2638 gold pieces at shops.

Inventory:

Hand Weapons
 b - a +9 scimitar of holy wrath
 C - the +7 great mace "Firestarter" {inner flame, rF++}
   (You bought it in a shop on level 2 of the Orcish Mines)

   It burns those it strikes, dealing additional fire damage.
   It fills those it strikes with an explosive inner flame.
   It grants immunity to clouds of flame.
   rF:        It greatly protects you from fire.
 F - the +6 morningstar of Sootooma {drain, *Noise rF+ rC+ Dex+6}
   (You found it on level 5 of the Lair of Beasts)

   A truly terrible weapon, it drains the life of any living foe it strikes.
   Dex:       It affects your dexterity (+6).
   rF:        It protects you from fire.
   rC:        It protects you from cold.
   *Noise:    It may make noises in combat.
Armour
 e - a +2 cloak (worn)
 g - a +2 hat of see invisible
 k - a +0 pair of gloves (worn)
 l - the +3 robe of the Dice {Fly Str-2 SInv}
   (You found it on level 8 of the Dungeon)

   Str:       It affects your strength (-2).
   SInv:      It lets you see invisible.
   Fly:       It grants you flight.
 s - the +3 warlock's mirror (worn) {reflect}
   (You acquired it on level 4 of the Dungeon)

   It can block and reflect piercing ranged attacks and magical attacks against
   the wielder's willpower.
 t - a +0 pair of boots (worn)
 w - a +0 troll leather armour (worn)
 G - a +1 robe of fire resistance
 L - a +1 hat of willpower (worn)
 N - a +1 robe of cold resistance
 Q - a +1 leather armour of fire resistance
 R - a +2 robe of willpower
 X - a +2 robe of positive energy
Magical Staves
 a - a staff of conjuration (weapon)
Jewellery
 h - a ring of positive energy
 q - the ring of the Bull (left hand) {Will+ Str+6 Dex+3}
   (You found it on level 5 of the Lair of Beasts)

   [ring of strength]

   Str:       It affects your strength (+6).
   Dex:       It affects your dexterity (+3).
   Will:      It increases your willpower.
 D - a ring of protection from cold
 H - a ring of wizardry (right hand)
 J - an amulet of magic regeneration (around neck)
 Y - an amulet of regeneration
 Z - a ring of resist corrosion
Wands
 v - a wand of charming (31)
 B - a wand of iceblast (33)
 I - a wand of polymorph (14)
 O - a wand of acid (10)
 P - a wand of mindburst (10)
 S - a wand of flame (7)
 W - a wand of digging (15)
Scrolls
 f - 6 scrolls of teleportation
 i - a scroll of brand weapon
 o - a scroll of summoning
 A - 3 scrolls of enchant weapon
 E - 9 scrolls of amnesia
 K - 5 scrolls of fear
 M - 3 scrolls of immolation
 T - 11 scrolls of identify
 U - 3 scrolls of fog
 V - 4 scrolls of magic mapping
Potions
 c - 6 potions of might
 d - 9 potions of curing
 j - 7 potions of mutation
 m - 11 potions of heal wounds
 n - 2 potions of invisibility
 p - 7 potions of attraction
 x - 2 potions of cancellation
 y - 5 potions of haste
 z - 4 potions of brilliance
Miscellaneous
 r - a condenser vane
 u - a box of beasts


   Skills:
 + Level 4.5 Fighting
 + Level 1.5(1.8) Short Blades
 + Level 1.1(1.5) Long Blades
 + Level 4.7 Armour
 + Level 6.3 Dodging
 + Level 6.6 Stealth
 + Level 6.8 Shields
 + Level 17.5 Spellcasting
 + Level 20.3 Conjurations
 + Level 0.7 Transmutations
 + Level 6.6 Air Magic
 + Level 21.4 Earth Magic
 - Level 4.2 Poison Magic
 + Level 1.0 Evocations


You had 7 spell levels left.
You knew the following spells:

 Your Spells              Type           Power      Damage    Failure   Level
a - Airstrike             Air            25%        2d(4-20)  1%          4
b - Swiftness             Air            50%        N/A       1%          3
c - Sandblast             Erth           100%       2d20      0%          1
g - Gell's Gravitas       Tloc           20%        N/A       4%          3
i - Iron Shot             Conj/Erth      54%        9d10      1%          6
l - Lee's Rapid Deconstr  Erth           43%        3d22*     0%          5
m - Mephitic Cloud        Conj/Pois/Air  80%        N/A       1%          3
o - Orb of Destruction    Conj           53%        9d13      1%          7
p - Passwall              Tmut/Erth      52%        N/A       1%          2
s - Stone Arrow           Conj/Erth      100%       3d13      0%          3
z - Lightning Bolt        Conj/Air       44%        1d64      1%          5
O - Olgreb's Toxic Radia  Pois           39%        N/A       1%          4

Your spell library contained the following spells:

 Spells                   Type           Power      Damage    Failure   Level
 Conjure Ball Lightning   Conj/Air       44%        3x3d15    1%          6
 Magic Dart               Conj           100%       1d8       0%          1
 Shock                    Conj/Air       100%       1d9       0%          1
 Searing Ray              Conj           100%       2d8       0%          2
 Beastly Appendage        Tmut           46%        N/A       1%          1
 Sting                    Tmut/Pois      100%       1d8       1%          1
 Summon Small Mammal      Summ           80%        N/A       1%          1
 Poisonous Vapours        Pois/Air       90%        N/A       1%          2
 Scorch                   Fire           40%        2d7       1%          2
 Wereblood                Tmut           23%        N/A       1%          2
 Dazzling Flash           Conj/Hex       100%       N/A       1%          3
 Frozen Ramparts          Ice            40%        1d7       1%          3
 Ignite Poison            Fire/Tmut/Pois 27%        N/A       1%          3
 Spider Form              Tmut/Pois      31%        N/A       1%          3
 Flame Wave               Conj/Fire      79%        2d17      1%          4
 Fulminant Prism          Conj/Hex       39%        3d18      1%          4
 Leda's Liquefaction      Hex/Erth       31%        N/A       1%          4
 Petrify                  Tmut/Erth      63%        N/A       1%          4
 Blink                    Tloc           40%        N/A       2%          2
 Corpse Rot               Necr/Pois/Air  36%        N/A       3%          4
 Call Canine Familiar     Summ           20%        N/A       4%          3
 Lesser Beckoning         Tloc           20%        N/A       4%          3
 Portal Projectile        Hex/Tloc       40%        N/A       4%          3
 Summon Guardian Golem    Hex/Summ       20%        N/A       4%          3
 Spellforged Servitor     Conj/Summ      39%        N/A       6%          7
 Silence                  Hex/Air        17%        N/A       11%         5
 Ice Form                 Ice/Tmut       21%        N/A       13%         4
 Dispel Undead            Necr           20%        3d11      16%         4
 Summon Ice Beast         Ice/Summ       20%        N/A       16%         4
 Blade Hands              Tmut           11%        N/A       30%         5
 Agony                    Necr           20%        N/A       38%         5
 Manifold Assault         Tloc           20%        N/A       38%         5
 Death Channel            Necr           10%        N/A       90%         6
 Summon Cactus Giant      Summ           10%        N/A       90%         6


Dungeon Overview and Level Annotations

Branches:
Dungeon (15/15) Zot: 24171  Temple (1/1) D:5 Zot: 5818    Lair (5/5) D:11 Zot: 15024
  Swamp (4/4) Lair:3 Zot: 19008  Spider (4/4) Lair:3 Zot: 16971   Slime (0/5) Lair:5
    Orc (2/2) D:11 Zot: 7453     Elf (0/3) Orc:2        Vaults (2/5) D:13 Zot: 9414
 Depths (0/4) D:15
  Crypt: Vaults:2-3

Altars:
Ashenzari
Cheibriados
Dithmenos
Elyvilon
Fedhas
Gozag
Hepliaklqana
Kikubaaqudgha
Makhleb
Nemelex Xobeh
Okawaru
Qazlal
Ru
Sif Muna
Trog
Uskayaw
Vehumet
Wu Jian
Xom
Yredelemnul
Zin
The Shining One

Shops:
D:5 *   D:8 (   D:15 [   Orc:1 =   Orc:2 ([((=

Annotations:
Lair:1 2 transporters, Rudyous's ghost, journeyman GnBe
Spider:2 2 transporters, croobank's ghost, journeyman FeSu


Innate Abilities, Weirdness & Mutations

You are immune to sickness and miasma.
Your stone body is resilient. (AC +14)
You are immune to poison.
Your large and strong wings let you fly.
You resist negative energy. (rN+)
You are resistant to electric shocks. (rElec)
You are resistant to unholy torment.
You are immune to petrification.


Message History

You begin to radiate toxic energy.
The ironbound frostheart is poisoned.
The ironbound thunderhulk is poisoned.
The vault guard is poisoned.
The ironbound thunderhulk looks even sicker.
The vault guard looks even sicker.
Electricity crackles from the ironbound thunderhulk's apparatus.
The bolt of lightning hits you! You resist.
The ironbound frostheart calls freezing cold from the walls.
The frost grips you!!
You are encased in ice.
Casting: Olgreb's Toxic Radiance (mildly dangerous; 1% risk of failure)
Confirm with . or Enter, or press ? or * to list all spells.
Aiming: Lee's Rapid Deconstruction (safe; 0% risk of failure)
Press: ? - help, Dir - move target A stone wall.
The wall shatters!
The blast of rock fragments hits the vault sentinel!!
The vault sentinel is heavily wounded.
The blast of rock fragments hits the vault warden but does no damage.
The vault sentinel is poisoned.
The vault warden is poisoned.
The ironbound thunderhulk looks even sicker.
The vault guard looks even sicker.
Your toxic aura wanes.
The vault warden hits you with a +1 great sword of protection!
Casting: Lee's Rapid Deconstruction (safe; 0% risk of failure)
Confirm with . or Enter, or press ? or * to list all spells.
Aiming: Lee's Rapid Deconstruction (safe; 0% risk of failure)
Press: ? - help, Dir - move target A stone wall.
The wall shatters!
The blast of rock fragments hits the vault warden but does no damage.
The vault warden is lightly wounded.
The blast of rock fragments hits the vault sentinel!!
The vault sentinel is almost dead.
The blast of rock fragments hits the ironbound frostheart!!
The ironbound frostheart is heavily wounded.
Electricity crackles from the ironbound thunderhulk's apparatus.
The bolt of lightning hits you! You resist.
The ironbound frostheart calls freezing cold from the walls.
The frost grips you!!!
You die... ################## .................. .................# .......@.........# .#####p###.......# .pp

#.......#
.~~.~
#.......#
#.~~O~
#.......#
#.....
#.......#
#.~~.≈
#.......#
#.~~.~
#.......#
..
#.......#


You could see a vault warden (poisoned), an ironbound thunderhulk (very
poisoned), an ironbound frostheart (poisoned) and a vault sentinel (poisoned).

Vanquished Creatures
  Nikola (Swamp:1)
  Arachne (Spider:3)
  Asterion (Lair:3)
  Gastronok (D:11)
  Frances (D:12)
  A thorn hunter (Swamp:1)
  2 orc warlords
  3 emperor scorpions (Spider:4)
  3 vault wardens (Vaults:1)
  6 ghost moths
  7 ghouls (Swamp:4)
  6 ironbound preservers
  14 very ugly things (Vaults:1)
  Azrael (Spider:1)
  7 ironbound thunderhulks (Vaults:1)
  5 entropy weavers
  3 eleionomae
  10 dire elephants
  3 bunyips
  6 spark wasps
  2 shambling mangroves
  2 yaktaur captains (Vaults:1)
  3 boulder beetles
  3 ironbound frosthearts
  3 vault guards (D:13)
  4 ghost crabs
  22 hydras
  A jorogumo (Spider:4)
  A spriggan zombie (D:15)
  6 centaur warriors
  5 radroaches
  2 two-headed ogres (D:11)
  Erica (D:9)
  6 alligators
  2 catoblepae
  A tengu warrior (D:13)
  16 death yaks
  A vampire mage (D:15)
  An orc high priest (Orc:2)
  A death scarab (Spider:3)
  Urug (Lair:4)
  A deep elf knight (Swamp:2)
  Sonja (Orc:2)
  Nergalle (D:11)
  7 skeletal warriors (D:15)
  4 pharaoh ants
  3 goliath frogs
  6 steelbarb worms
  A deep elf archer (Swamp:2)
  18 swamp dragons
  11 orb spiders
  5 spriggan druids
  23 deep trolls
  2 wizards
  7 bog bodies
  6 orc knights
  An ironbound convoker (Vaults:1)
  3 deep elf pyromancers
  A sphinx zombie (D:15)
  5 lindwurms
  A fire giant zombie (D:15)
  3 necromancers
  25 wolf spiders
  3 will-o-the-wisps
  An iron dragon zombie (D:15)
  An orc sorcerer (Orc:2)
  A cyclops (D:15)
  17 ugly things
  8 elephants
  5 moths of wrath
  2 manticores
  10 black mambas
  2 torpor snails
  A guardian serpent (Lair:5)
  Maurice (D:8)
  Maggie (D:8)
  4 vault sentinels
  9 cane toads
  4 komodo dragons
  2 unseen horrors
  Psyche (D:9)
  4 demonic crawlers
  11 yaktaurs (Vaults:1)
  2 tengu conjurers (D:14)
  2 kobold demonologists
  4 rime drakes
  3 bloated husks
  9 trolls
  8 tyrant leeches
  12 polar bears
  6 meliai
  A meliai (shapeshifter) (D:13)
  20 tarantellas
  23 hornets
  4 raiju (Lair:5)
  11 slime creatures
  5 blink frogs
  2 dream sheep (Lair:5)
  24 jumping spiders
  14 culicivoras
  A vampire (D:10)
  34 yaks
  A wraith (D:11)
  15 spriggans
  14 wyverns
  A human (shapeshifter) (D:14)
  Eustachio (D:4)
  5 fire elementals
  19 humans
  30 redbacks
  A steam dragon (Lair:1)
  5 basilisks
  2 vampire mosquitoes (D:13)
  Menkaure (D:4)
  12 wargs
  2 acid dragons (D:10)
  14 hell hounds
  20 swamp worms
  15 water moccasins
  3 ice beasts
  7 swamp drakes
  13 black bears
  33 orc warriors
  2 sky beasts
  5 ogres
  13 wolves (Lair:5)
  8 centaurs
  A kobold brigand (D:9)
  4 necrophages
  A gnoll sergeant (D:9)
  A wyvern zombie (D:5)
  21 bullfrogs
  A scorpion (D:4)
  10 wights
  A water moccasin skeleton (D:5)
  3 water moccasin zombies (D:5)
  8 killer bees (D:9)
  2 howler monkeys
  6 electric eels
  A centaur zombie (D:5)
  3 jellies
  A gnoll bouda (D:5)
  12 orc priests
  A bullfrog skeleton (D:5)
  A centaur skeleton (D:5)
  4 hounds
  3 iguanas
  A scorpion zombie (D:5)
  Ijyb (D:4)
  27 orc wizards
  4 hell rats
  A hound skeleton (D:5)
  2 howler monkey zombies (D:5)
  Robin (D:4)
  19 gnolls
  7 adders
  A white imp (D:8)
  An ufetubus (D:5)
  An adder skeleton (D:5)
  2 worms
  A dart slug (D:5)
  86 orcs
  2 ball pythons
  4 bats
  6 endoplasms
  8 giant cockroaches
  15 goblins
  12 hobgoblins
  3 jackals
  3 quokkas
  3 training dummies (D:8)
  4 frilled lizards
  6 kobolds
  7 rats
1129 creatures vanquished.

Vanquished Creatures (others)
  10 foxfires
  46 fungi
  85 plants
  9 withered plants (D:15)
150 creatures vanquished.

Grand Total: 1279 creatures vanquished

Notes
Turn   | Place    | Note
-------+----------+-------------------------------------------
     0 | D:1      | mortz the Gargoyle Earth Elementalist began the quest for
                  | the Orb.
     0 | D:1      | Reached XP level 1. HP: 10/10 MP: 3/3
   274 | D:1      | Reached skill level 4 in Earth Magic
   274 | D:1      | Reached XP level 2. HP: 8/15 MP: 0/5
   592 | D:1      | Learned a level 2 spell: Passwall
   663 | D:1      | Found a faded altar of an unknown god.
   665 | D:1      | Noticed an eye of devastation
   671 | D:1      | Noticed a golden eye
   716 | D:1      | Reached XP level 3. HP: 19/19 MP: 4/6
   864 | D:1      | Noticed an eye of devastation
  1606 | D:2      | Reached skill level 5 in Earth Magic
  1692 | D:2      | Reached XP level 4. HP: 24/24 MP: 4/8
  1997 | D:2      | Reached XP level 5. HP: 28/28 MP: 5/9
  2226 | D:2      | Learned a level 3 spell: Stone Arrow
  2753 | D:3      | Got Uwemub Kucsu's Encyclopedia of Nocuous Frostbite
  2946 | D:3      | Reached skill level 6 in Earth Magic
  3393 | D:4      | Found a burning altar of Makhleb.
  3397 | D:4      | Found a glowing silver altar of Zin.
  3398 | D:4      | Noticed a cacodemon
  3398 | D:4      | Noticed an angel
  3426 | D:4      | Reached XP level 6. HP: 31/32 MP: 6/12
  3486 | D:4      | Noticed Robin
  3512 | D:4      | Killed Robin
  3625 | D:4      | Noticed Menkaure
  3630 | D:4      | Killed Menkaure
  3756 | D:4      | Reached XP level 7. HP: 34/36 MP: 10/14
  3767 | D:4      | Noticed Eustachio
  3838 | D:4      | Reached skill level 7 in Earth Magic
  3868 | D:4      | Killed Eustachio
  3869 | D:4      | Reached skill level 5 in Spellcasting
  3932 | D:4      | Noticed Ijyb
  3941 | D:4      | Killed Ijyb
  4111 | D:4      | Identified a scroll of acquirement
  4111 | D:4      | Acquired the +3 warlock's mirror {reflect}
  4111 | D:4      | Found the +3 warlock's mirror {reflect}
  4181 | D:5      | Entered Level 5 of the Dungeon
  4181 | D:5      | Noticed a troll
  4662 | D:4      | Found a burning altar of Makhleb.
  4670 | D:4      | Found a glowing silver altar of Zin.
  4828 | D:5      | Reached skill level 1 in Shields
  5010 | D:4      | Killed a troll
  5011 | D:4      | Reached skill level 8 in Earth Magic
  5011 | D:4      | Reached XP level 8. HP: 26/42 MP: 11/17
  5293 | D:5      | Reached skill level 1 in Fighting
  5479 | D:5      | Found a staircase to the Ecumenical Temple.
  5484 | Temple   | Entered the Ecumenical Temple
  5891 | D:5      | Found Ase Enne's General Store.
  5894 | D:5      | Reached skill level 1 in Conjurations
  6398 | D:5      | Reached skill level 9 in Earth Magic
  6398 | D:5      | Reached XP level 9. HP: 49/49 MP: 15/19
  7008 | D:5      | Found Ase Enne's General Store.
  7132 | D:5      | Found a staircase to the Ecumenical Temple.
  7831 | D:6      | Got the Vellum of Dislocation and Shapes
  8010 | D:6      | Found a sparkling altar of Nemelex Xobeh.
  8886 | D:7      | Reached skill level 5 in Conjurations
  9022 | D:7      | Identified the +6 quarterstaff of Inflation {freeze,
                  | *Corrode rF+ Int+2 Dex+2}
  9040 | D:7      | Found a radiant altar of Vehumet.
  9045 | D:7      | Became a worshipper of Vehumet
  9432 | D:7      | Found a shimmering altar of Xom.
  9579 | D:7      | Reached skill level 10 in Earth Magic
  9579 | D:7      | Reached XP level 10. HP: 54/54 MP: 14/21
  9872 | D:7      | Found a large runed translucent door.
  9911 | D:7      | Found a large runed translucent door.
 10307 | D:7      | Found a glowing golden altar of the Shining One.
 10398 | D:7      | Found a snail-covered altar of Cheibriados.
 10408 | D:7      | Found a stormy altar of Qazlal.
 10498 | D:8      | Identified the +3 robe of the Dice {Fly Str-2 SInv}
 10584 | D:8      | Found Omoe's Firing Range.
 10933 | D:8      | Noticed Maggie
 10942 | D:8      | Killed Maggie
 11304 | D:8      | Noticed Maurice
 11500 | D:8      | Reached skill level 11 in Earth Magic
 11800 | D:8      | Found Omoe's Firing Range.
 11958 | D:8      | Killed Maurice
 12073 | D:9      | Noticed a kobold demonologist
 12079 | D:9      | Killed a kobold demonologist
 12347 | D:9      | Reached * piety under Vehumet
 12347 | D:9      | Offered knowledge of Shock by Vehumet.
 12541 | D:9      | Reached XP level 11. HP: 46/59 MP: 16/23
 13266 | D:9      | Noticed Psyche
 13351 | D:9      | Killed Psyche
 13428 | D:9      | Noticed Erica
 13434 | D:9      | Killed Erica
 13993 | D:9      | Acquired the amulet of Naemmeh {Acrobat Drain Str+9}
 14203 | D:10     | Entered Level 10 of the Dungeon
 14520 | D:10     | Reached skill level 10 in Conjurations
 14738 | D:10     | Reached skill level 5 in Stealth
 14780 | D:10     | Identified the ring "Goulaurph" {rF+ rC- Str+5 Int-3 Dex+6}
 14886 | D:10     | Reached skill level 12 in Earth Magic
 15233 | D:11     | Noticed Gastronok
 15244 | D:11     | Killed Gastronok
 15245 | D:11     | Reached skill level 1 in Short Blades
 15388 | D:11     | Noticed a seven-headed hydra
 15391 | D:11     | Killed a seven-headed hydra
 15610 | D:11     | Found a staircase to the Lair.
 15614 | D:11     | Offered knowledge of Foxfire by Vehumet.
 15623 | D:11     | Reached ** piety under Vehumet
 15859 | D:11     | Noticed Nergalle
 15869 | D:11     | Killed Nergalle
 15870 | D:11     | Reached XP level 12. HP: 64/64 MP: 7/25
 16010 | D:11     | Found a staircase to the Orcish Mines.
 16201 | D:11     | Noticed a two-headed ogre
 16207 | D:11     | Killed a two-headed ogre
 16361 | D:11     | Noticed a two-headed ogre
 16366 | D:11     | Killed a two-headed ogre
 16728 | Lair:1   | Entered Level 1 of the Lair of Beasts
 16729 | Lair:1   | Found a transporter.
 16853 | Lair:1   | Noticed Rudyous's ghost (journeyman GnBe)
 16857 | Lair:1   | Noticed a four-headed hydra
 16858 | Lair:1   | Noticed a five-headed hydra
 16860 | Lair:1   | Noticed an eight-headed hydra
 16863 | Lair:1   | Found a transporter.
 17310 | Lair:1   | Reached skill level 13 in Earth Magic
 18282 | Lair:2   | Reached skill level 10 in Spellcasting
 18703 | Lair:2   | Found an opulent altar of Gozag.
 18831 | Lair:2   | Noticed an eight-headed hydra
 18837 | Lair:2   | Killed an eight-headed hydra
 18838 | Lair:2   | Reached skill level 1 in Poison Magic
 19163 | Lair:2   | Offered knowledge of Inner Flame by Vehumet.
 19984 | Lair:2   | Found an opulent altar of Gozag.
 20611 | Lair:3   | Found a hole to the Spider Nest.
 20928 | Lair:3   | Reached *** piety under Vehumet
 20945 | Lair:3   | Noticed a five-headed hydra
 20955 | Lair:3   | Killed a five-headed hydra
 20956 | Lair:3   | Reached XP level 13. HP: 32/68 MP: 16/27
 21015 | Lair:2   | Learned a level 4 spell: Olgreb's Toxic Radiance
 21262 | Lair:3   | Reached skill level 14 in Earth Magic
 21305 | Lair:3   | Found a staircase to the Swamp.
 21629 | Lair:3   | Offered knowledge of Airstrike by Vehumet.
 22296 | Lair:3   | Found a hole to the Spider Nest.
 22523 | Lair:3   | Found a staircase to the Swamp.
 23421 | Lair:4   | Noticed Urug
 23434 | Lair:4   | Killed Urug
 24036 | Lair:4   | Learned a level 4 spell: Airstrike
 24045 | Lair:5   | Entered Level 5 of the Lair of Beasts
 24353 | Lair:4   | Reached skill level 1 in Air Magic
 25104 | Lair:5   | Reached **** piety under Vehumet
 25733 | Lair:5   | Offered knowledge of Mephitic Cloud by Vehumet.
 26035 | Lair:5   | Gained mutation: Your large and strong wings let you fly.
                  | [Gargoyle growth]
 26035 | Lair:5   | Reached XP level 14. HP: 74/74 MP: 20/29
 26461 | Lair:5   | Identified the +6 morningstar of Sootooma {drain, *Noise
                  | rF+ rC+ Dex+6}
 26606 | Lair:4   | Reached skill level 15 in Earth Magic
 27175 | Lair:4   | Reached skill level 5 in Dodging
 27315 | Lair:5   | Identified the ring of the Bull {Will+ Str+6 Dex+3}
 27332 | Lair:5   | Learned a level 3 spell: Mephitic Cloud
 27340 | Lair:5   | Learned a level 7 spell: Orb of Destruction
 28615 | Lair:5   | Reached ***** piety under Vehumet
 28793 | Lair:5   | Offered knowledge of Irradiate by Vehumet.
 29068 | Lair:5   | Identified the +7 plate armour of Nekhel {+Inv Int-3 Dex+5
                  | SInv}
 29804 | Lair:5   | Reached skill level 5 in Air Magic
 30225 | Lair:5   | Found a staircase to the Slime Pits.
 30910 | D:12     | Reached skill level 5 in Shields
 31430 | D:12     | Noticed Frances
 31473 | D:12     | Killed Frances
 31474 | D:12     | Reached skill level 1 in Armour
 31474 | D:12     | Reached XP level 15. HP: 39/78 MP: 27/31
 31687 | Orc:1    | Entered Level 1 of the Orcish Mines
 31687 | Orc:1    | You are sucked into a shaft and drop 1 floor!
 31687 | Orc:2    | Entered Level 2 of the Orcish Mines
 31691 | Orc:2    | Found Kaucoeta's Jewellery Shoppe.
 31719 | D:11     | Learned a level 3 spell: Gell's Gravitas
 31828 | Orc:1    | Found Vuocs's Jewellery Shop.
 31988 | Orc:2    | Found a staircase to the Elven Halls.
 32188 | Orc:2    | Noticed an orc warlord
 32442 | Orc:2    | Killed an orc warlord
 32996 | Orc:2    | Found Pyry's Antique Weapon Shoppe.
 32998 | Orc:2    | Found Vuudgh's Antique Armour Emporium.
 33234 | Orc:2    | Reached skill level 15 in Conjurations
 33752 | Orc:2    | Reached skill level 16 in Earth Magic
 34171 | Orc:2    | Noticed Sonja
 34177 | Orc:2    | Killed Sonja
 34874 | Orc:2    | Found Woatemi's Antique Weapon Boutique.
 34975 | Orc:2    | Found Isuymoo's Antique Weapon Emporium.
 35158 | Orc:2    | Found a staircase to the Elven Halls.
 35175 | Orc:2    | Found Kaucoeta's Jewellery Shoppe.
 35301 | Orc:2    | Found Vuudgh's Antique Armour Emporium.
 35305 | Orc:2    | Found Pyry's Antique Weapon Shoppe.
 35366 | Orc:2    | Found Woatemi's Antique Weapon Boutique.
 36825 | D:13     | Found an opulent altar of Gozag.
 37647 | D:13     | Found a gate to the Vaults.
 38062 | D:13     | Found an opulent altar of Gozag.
 38269 | D:13     | Found a gate to the Vaults.
 38994 | D:14     | Found a radiant altar of Vehumet.
 40266 | D:14     | Found a radiant altar of Vehumet.
 40434 | D:15     | Entered Level 15 of the Dungeon
 40573 | D:14     | Offered knowledge of Iron Shot by Vehumet.
 40574 | D:14     | Reached skill level 1 in Long Blades
 40887 | D:15     | Found a staircase to the Depths.
 41318 | D:15     | Learned a level 6 spell: Iron Shot
 41493 | D:15     | Reached XP level 16. HP: 84/84 MP: 11/33
 41732 | D:15     | Found Figry's Armour Emporium.
 41873 | Orc:2    | Bought an amulet of magic regeneration for 360 gold pieces
 41955 | D:15     | Reached skill level 17 in Earth Magic
 42488 | D:15     | Found Figry's Armour Emporium.
 43029 | Swamp:1  | Entered Level 1 of the Swamp
 43047 | Swamp:1  | Noticed Nikola
 43221 | Swamp:1  | Killed Nikola
 43608 | Swamp:1  | Noticed a thorn hunter
 43611 | Swamp:1  | Killed a thorn hunter
 43951 | Swamp:2  | Offered knowledge of Ozocubu's Refrigeration by Vehumet.
 44223 | Orc:2    | Bought the +7 great mace "Firestarter" {inner flame, rF++}
                  | for 2278 gold pieces
 44223 | Orc:2    | Found the +7 great mace "Firestarter" {inner flame, rF++}
 45054 | Swamp:2  | Reached skill level 18 in Earth Magic
 45478 | Swamp:3  | Reached ****** piety under Vehumet
 45599 | Swamp:3  | Reached XP level 17. HP: 74/88 MP: 22/35
 46601 | Swamp:4  | Entered Level 4 of the Swamp
 46946 | Swamp:4  | Reached skill level 15 in Spellcasting
 47217 | Swamp:4  | Offered knowledge of Lee's Rapid Deconstruction by Vehumet.
 47225 | Swamp:4  | Learned a level 5 spell: Lee's Rapid Deconstruction
 47234 | Swamp:4  | Got a decaying rune of Zot
 47509 | Swamp:4  | Reached skill level 19 in Earth Magic
 48539 | Spider:1 | Entered Level 1 of the Spider Nest
 48783 | Spider:1 | Noticed Azrael
 48886 | Spider:1 | Killed Azrael
 48940 | Spider:1 | Noticed Asterion
 49049 | Lair:3   | Killed Asterion
 49532 | Spider:1 | Learned a level 3 spell: Swiftness
 50106 | Spider:2 | Found a transporter.
 50110 | Spider:2 | Reached XP level 18. HP: 94/94 MP: 27/37
 50125 | Spider:2 | Noticed croobank's ghost (journeyman FeSu)
 50126 | Spider:2 | Found a transporter.
 51324 | Spider:3 | Noticed Arachne
 51332 | Spider:3 | Killed Arachne
 51463 | Spider:3 | Offered knowledge of Fireball by Vehumet.
 52089 | Spider:3 | Identified the +0 robe of the Hart {Harm *Slow rPois Will+}
 52289 | Spider:3 | Reached skill level 20 in Earth Magic
 53458 | Spider:4 | Entered Level 4 of the Spider Nest
 55424 | Spider:4 | Got a gossamer rune of Zot
 56266 | Vaults:1 | Entered Level 1 of the Vaults
 56268 | Vaults:1 | Offered knowledge of Lightning Bolt by Vehumet.
 56287 | Vaults:1 | Reached XP level 19. HP: 98/98 MP: 33/39
 56467 | Vaults:1 | Learned a level 5 spell: Lightning Bolt
 56830 | Vaults:1 | Reached skill level 21 in Earth Magic
 58056 | Vaults:1 | Offered knowledge of Conjure Ball Lightning by Vehumet.
 58057 | Vaults:1 | Reached skill level 1 in Evocations
 59054 | Vaults:2 | Killed from afar by an ironbound frostheart

Illustrated notes

Levels and vault maps discovered:
D:1:      ncdulo_halloftheorcs, layout_loops_ring,
          hellmonk_ecumenical_altar_watching_god
D:2:      layout_loops_ring
D:3:      layout_rooms, minmay_fractal_squares_5
D:4:      layout_cave_pools, grunt_temple_overflow_order_and_chaos_2,
          chequers_garden, grunt_ministairs_2, uniq_robin, uniq_eustachio,
          uniq_ijyb, uniq_menkaure
D:5:      layout_rooms, temple_doors_ab, serial_undead, serial_undead_d,
          serial_undead_d, serial_undead_a, serial_undead_d, serial_shops,
          nicolae_shop_hallway_plus
D:6:      layout_gridville, mainiacjoe_overflow_alcove_2
D:7:      layout_basic, jmf_multi_god_temple2, kennysheep_little_box,
          general_overflow_altar, tso_oasis_becter,
          amcnicky_mini_corridor_feature, grunt_ministairs_9,
          chequers_serial_rivers_marsh, kennysheep_windowed_goal
D:8:      layout_loops_ring, nicolae_shop_firing_range, uniq_maurice,
          uniq_maggie
D:9:      layout_loops_ring, uniq_erica, uniq_psyche
D:10:     layout_roguey
D:11:     layout_irregular_city, erik_lair_orcish_takeover, david_orc_2,
          uniq_gastronok, uniq_nergalle
D:12:     layout_roguey, uniq_frances
D:13:     layout_irregular_city, grunt_vaults_entry_tiered,
          nicolae_gozag_cash_rules_everything_around_me
D:14:     layout_loops_ring, fiery_altar_vehumet
D:15:     gammafunk_depths_entry_grave, layout_stronghold, serial_shops, shop,
          nicolae_figureground_sparkle
Temple:   eino_narrow_crystal_temple
Lair:1:   layout_cave_pods, nzn_ghost_randoct, serial_bayou_ford_a, st_stairs_7
Lair:2:   layout_regular_city, basic_altar
Lair:3:   layout_cave_shapes, palyth_hydra_swamp_entry,
          spider_nest_entry_funnel_web, nicolae_lair_lil_pond, lemuel_fruit_tree
Lair:4:   layout_loops_ring, grunt_megastairs_5, infiniplex_staircase_pool,
          uniq_urug
Lair:5:   hangedman_lair_caniforms_friends, layout_regular_city,
          hangedman_lair_tendril_chambers, dpeg_slime_entry_corner,
          grunt_forest_large_clearing_hut, serial_bayou_shore_b
Swamp:1:  layout_basic_swamp, hangedman_swamp_lotus, swamp_pool4, uniq_nikola
Swamp:2:  layout_basic_swamp, evilmike_swamp_ruin_rubble_2, swamp_pool1,
          beargit_elvish_explorers
Swamp:3:  layout_basic_swamp, evilmike_swamp_ruin_house_1, st_swamp_ruins_3
Swamp:4:  swamp_alternative, layout_basic_swamp
Spider:1: layout_spider_delve, uniq_azrael, uniq_asterion
Spider:2: layout_chambers, gammafunk_ghost_arena, nicolae_spider_bzzzt
Spider:3: cheibrodos_spider_silkery, uniq_arachne
Spider:4: spider_rune_water
Orc:1:    layout_caves, serial_shops, shop
Orc:2:    grunt_orc_community_town_hall, layout_diamond_mine,
          grunt_orc_community_big_house_2, grunt_orc_community_big_house_1,
          grunt_orc_community_house_1, grunt_orc_community_house_2,
          grunt_orc_community_house_3, grunt_orc_community_house_3,
          grunt_orc_community_house_3, grunt_orc_community_house_2,
          serial_shops, nicolae_diamond_shop, uniq_sonja
Vaults:1: v_misc_11, hangedman_vaults_unwind, v_pattern_1, vaults_dpeg_spiral,
          hangedman_vaults_hat, v_misc_23, vaults_room_door_hall,
          vaults_room_boxed, ontoclasm_vaults_pinch, ontoclasm_vaults_ligature,
          layout_vaults_ring
Vaults:2: ontoclasm_vaults_misaligned, v_rooms_5,
          minmay_crypt_entry_simple_statues, v_misc_18, st_cells,
          ontoclasm_vaults_gateway, grunt_vaults_funnel, vaults_room_fours,
          ontoclasm_vaults_chip, nicolae_vaults_little_squares_6,
          layout_vaults_omnigrid

Skill      XL: |  1  2  3  4  5  6  7  8  9 10 11 12 13 14 15 16 17 18 19 |
---------------+----------------------------------------------------------+-----
Earth Magic    | 4 5 6 8 9 10 11 12 13 14 15 16 18 19 20 21 | 21.4
Spellcasting   | 3 4 6 7 8 9 10 11 12 13 14 15 16 17 | 17.5
Shields        | 1 2 3 4 5 6 |  6.8
Dodging        | 2 3 4 5 6 |  6.3
Stealth        | 3 4 5 6 |  6.6
Fighting       | 2 3 4 |  4.5
Conjurations   | 1 6 8 11 12 14 15 17 18 19 20 | 20.3
Short Blades   | 1 |  1.5
Poison Magic   | 2 4 |  4.2
Air Magic      | 2 5 6 |  6.6
Armour         | 1 2 3 4 |  4.7
Long Blades    | 1 |  1.1
Evocations     | 1 |  1.0
Transmutations | |  0.7

Action                   |  1- 3 |  4- 6 |  7- 9 | 10-12 | 13-15 | 16-18 | 19-21 || total
-------------------------+-------+-------+-------+-------+-------+-------+-------++-------
Melee: Unarmed           |     8 |       |       |       |       |       |       ||     8
       Dagger            |       |     2 |     1 |    57 |    24 |       |       ||    84
       Staff             |       |       |     1 |     3 |       |     3 |       ||     7
       Hand axe          |       |       |       |     1 |       |       |       ||     1
       Scimitar          |       |       |       |       |     2 |     5 |     1 ||     8
 Cast: Sandblast         |    52 |    99 |    77 |       |       |       |       ||   228
       Stone Arrow       |       |       |    87 |   330 |   970 |   111 |       ||  1498
       Olgreb's Toxic Ra |       |       |       |       |    12 |    10 |     6 ||    28
       Iron Shot         |       |       |       |       |     9 |   547 |   150 ||   706
       Orb of Destructio |       |       |       |       |     6 |     8 |       ||    14
       Gell's Gravitas   |       |       |       |       |     1 |       |       ||     1
       Passwall          |       |       |       |       |       |     2 |       ||     2
       Lee's Rapid Decon |       |       |       |       |       |     3 |     5 ||     8
       Lightning Bolt    |       |       |       |       |       |       |    57 ||    57
Evoke: Wand              |       |       |       |       |    10 |     1 |     6 ||    17
  Use: Scroll            |     5 |     5 |     8 |     8 |    10 |    10 |     2 ||    48
       Potion            |       |       |     1 |     2 |     2 |     2 |     3 ||    10
 Stab: Sleeping          |       |     1 |     1 |     2 |     1 |       |       ||     5
Armor: Robe              |     3 |     6 |    39 |     6 |       |       |       ||    54
       Steam dragon scal |       |       |       |    64 |   127 |       |       ||   191
       Troll leather arm |       |       |       |       |    96 |   150 |    45 ||   291
Dodge: Dodged            |    12 |    25 |    54 |    77 |   243 |   160 |    51 ||   622
Block: Buckler           |       |       |    42 |    43 |   154 |   136 |    46 ||   421
       Reflection        |       |       |     4 |     5 |    22 |    12 |     8 ||    51
